 Dungeon Crawl Stone Soup version 0.26-a0-20-g5f92b90fa0 (webtiles) character file.

Game seed: 14541650052912169516, levelgen mode: deterministic

162 Esekla the Magician (level 5, -3/25 HPs)
             Began as a Vine Stalker Air Elementalist on May 25, 2020.
             Slain by an ice beast (11 damage)
             ... on level 5 of the Dungeon.
             The game lasted 00:18:51 (1883 turns).

Esekla the Magician (Vine Stalker Air Elementalist) Turns: 1883, Time: 00:18:51

Health: -3/25      AC:  2    Str: 11    XL:     5   Next: 43%
Magic:  0/11       EV: 12    Int: 16    God:
Gold:   130        SH:  0    Dex: 14    Spells: 1/11 levels left

rFire    . . .     SeeInvis .   f - +2 dagger (holy)
rCold    . . .     Gourm    .   (no shield)
rNeg     . . .     Faith    .   a - +0 robe
rPois    .         Spirit   +   (no helmet)
rElec    .         Reflect  .   (no cloak)
rCorr    .         Harm     .   (no gloves)
MR       .....                  (no boots)
Stlth    +.........             (no amulet)
HPRegen  0.48/turn              g - ring of attention (curse)
MPRegen  0.12/turn              (no ring)

@: swift, very quick
A: fangs 2, regeneration 1, magic shield, antimagic bite, no potion heal 3, rot
immunity
a: no special abilities


You were on level 5 of the Dungeon.
You were very hungry.

You visited 1 branch of the dungeon, and saw 6 of its levels.

You collected 130 gold pieces.

Inventory:

Hand Weapons
 f - a +2 dagger of holy wrath (weapon)
Armour
 a - a +0 robe (worn)
 m - a +0 buckler
Jewellery
 g - a cursed ring of attention (left hand)
Wands
 j - a wand of random effects (12)
Scrolls
 d - 2 scrolls of noise
 e - a scroll of fear {unknown}
 k - a scroll of teleportation
 l - a scroll of remove curse {unknown}
Potions
 b - a potion of stabbing {unknown}
 h - a potion of haste {unknown}
 i - a potion of magic
 n - a potion of degeneration {unknown}
Comestibles
 c - 7 rations


   Skills:
 * Level 0.9 Fighting
 + Level 0.2 Short Blades
 + Level 1.9 Dodging
 + Level 2.6 Stealth
 * Level 3.6 Spellcasting
 * Level 1.6 Conjurations
 * Level 2.2 Charms
 + Level 3.5 Air Magic


You had one spell level left.
You knew the following spells:

 Your Spells              Type           Power        Failure   Level  Hunger
a - Airstrike             Air            ##........   38%         4    ####...
d - Static Discharge      Conj/Air       ##......     19%         3    ###....
e - Shock                 Conj/Air       ##..         6%          1    None
r - Swiftness             Chrm/Air       ##......     9%          2    ##.....

Your spell library contained the following spells:

 Spells                   Type           Power        Failure   Level  Hunger
 Lightning Bolt           Conj/Air       ##........   86%         5    ######.


Dungeon Overview and Level Annotations

Branches:
Dungeon (6/15)
 Temple: D:4-7

Altars:
Ru
Wu Jian


Innate Abilities, Weirdness & Mutations

You have extremely sharp teeth.
Your natural rate of healing is unusually fast.
When hurt, damage is shared between your health and your magic reserves.
Your bite disrupts and absorbs the magic of your enemies.
Potions cannot restore your health.
You are immune to rotting.


Message History

You hit the phantom but do no damage. Your bite misses the phantom.
The phantom is lightly damaged.
The phantom closely misses you.
The ice beast hits you but does no damage.
You hit the phantom but do no damage. Your bite misses the phantom.
The phantom is lightly damaged.
The phantom hits you. The ice beast closely misses you.
You closely miss the phantom. You bite the phantom.
The phantom's magic leaks into the air.
You drain its magic.
You feel invigorated.
The phantom is lightly damaged.
The phantom blinks!
The ice beast barely misses you.
The phantom blinks!
Sorry, you're not good enough to have a special ability.
Unknown command.
Casting: Shock (safe; 6% risk of failure)
Confirm with . or Enter, or press ? or * to list all spells.
You feel quick. The phantom barely misses you. The ice beast hits you.
The ice beast freezes you!
You die...

#.# ... #.#...##
#..#.. ##.####..
##.... .#####..# ##.
#....# ........#####.
#.## #........##<.#
##.## #......##...###
#..###......# #.>.# #
###Y#..##..####..## #
#..@.###..._....####
##..W..##.######....#
#.......#.# #....#
#...###...# ##.##.#
#..### ##.## #.####.
###. #..#####.####. .
#...#........#.#
#....###....#####.#
#.#.. #.....# ###


You could see a phantom and an ice beast.

Vanquished Creatures
  A centaur skeleton (D:4)
  2 worker ants
  A hound zombie (D:5)
  4 adders
  A shadow imp (D:5)
  2 worms (D:2)
  An orc (D:4)
  A ball python (D:2)
  3 giant cockroaches
  2 goblins
  A hobgoblin (D:1)
  2 kobolds (D:1)
  A quokka (D:4)
  4 bats
  2 frilled lizards (D:3)
  4 rats
32 creatures vanquished.

Notes
Turn   | Place    | Note
-------+----------+-------------------------------------------
     0 | D:1      | Esekla the Vine Stalker Air Elementalist began the quest
                  | for the Orb.
     0 | D:1      | Reached XP level 1. HP: 9/9 MP: 4/4
   131 | D:1      | Reached XP level 2. HP: 13/14 MP: 3/6
   392 | D:2      | Learned a level 2 spell: Swiftness
   646 | D:2      | Reached XP level 3. HP: 15/17 MP: 6/8
   932 | D:2      | Learned a level 3 spell: Static Discharge
  1133 | D:4      | Gained mutation: Your natural rate of healing is unusually
                  | fast. [Vine Stalker growth]
  1133 | D:4      | Reached XP level 4. HP: 17/21 MP: 3/10
  1341 | D:5      | Entered Level 5 of the Dungeon
  1348 | D:5      | Noticed a phantom
  1418 | D:5      | Found a sacrificial altar of Ru.
  1450 | D:5      | Found an ornate altar of the Wu Jian Council.
  1512 | D:5      | Reached XP level 5. HP: 21/25 MP: 5/11
  1565 | D:5      | Learned a level 4 spell: Airstrike
  1873 | D:5      | Noticed an ice beast
  1883 | D:5      | Slain by an ice beast

Illustrated notes

Levels and vault maps discovered:
D:1:      onia_arrival_mini_spirals, layout_rooms, st_stairs_6
D:2:      layout_basic, lemuel_doored_altar, marbit_many_paths, first_ration,
          minmay_tiny_reverse_x, uniq_robin
D:3:      layout_basic
D:4:      layout_rooms, serial_forest, infiniplex_forest_zigzag_1,
          infiniplex_forest_clump_medium, infiniplex_forest_clump_long,
          infiniplex_forest_clump_curved, infiniplex_forest_clump_double
D:5:      layout_layer_cave, overflow_temple_1_default, lemuel_round_altar,
          nicolae_overflow_crystal_walls, minmay_fire_ice_demons, uniq_ijyb
D:6:      layout_cave_pools, serial_gnoll_camp, gnoll_camp_medium_02,
          gnoll_camp_mini_shop, gnoll_camp_huts_basic, gnoll_camp_mini_hut,
          gnoll_camp_mini_house, gnoll_camp_mini_basic, kennysheep_diamond,
          elyvilon_altar_5, uniq_menkaure

Skill      XL: |  1  2  3 |
---------------+----------+-----
Spellcasting   | 3 |  3.6
Charms         | 2 |  2.2
Fighting       | |  0.9
Short Blades   | |  0.2
Dodging        | |  1.9
Stealth        | |  2.6
Conjurations   | |  1.6
Air Magic      | |  3.5

Action                   |  1- 3 |  4- 6 || total
-------------------------+-------+-------++-------
Melee: Short sword       |     8 |       ||     8
       Bite              |     9 |    13 ||    22
       Dagger            |    37 |    46 ||    83
 Cast: Shock             |    31 |    10 ||    41
       Swiftness         |       |     1 ||     1
  Use: Scroll            |     3 |     2 ||     5
 Stab: Sleeping          |     2 |       ||     2
  Eat: Chunk             |     1 |     1 ||     2
Armor: Robe              |     4 |     5 ||     9
Dodge: Dodged            |    39 |    39 ||    78

Table legend:
 A = Non-vault XP
 B = Vault XP
 C = Vault XP percentage of total XP
 D = Non-vault monster count
 E = Vault monster count
 F = Vault count percentage of total count
                 A         B        C        D         E       F
            +---------+---------+-------+---------+---------+-------
      Total |     227 |       5 |   2.2 |      29 |       3 |   9.4
            +---------+---------+-------+---------+---------+-------
        D:1 |      11 |       1 |   8.3 |       7 |       1 |  12.5
        D:2 |      29 |       4 |  12.1 |       7 |       2 |  22.2
        D:3 |      17 |       0 |   0.0 |       5 |       0 |   0.0
        D:4 |      93 |       0 |   0.0 |       6 |       0 |   0.0
        D:5 |      77 |       0 |   0.0 |       4 |       0 |   0.0
            +---------+---------+-------+---------+---------+-------
